 Dungeon Crawl Stone Soup version 0.27.0-1-g7a08968 (webtiles) character file.

Game seed: 14128834500688234827

1446 NeededCrab the Vandal (level 8, 37/37 HPs)
             Began as a Spriggan Arcane Marksman on Oct 18, 2021.
             Quit the game on level 5 of the Dungeon.
             The game lasted 00:43:40 (14377 turns).

NeededCrab the Vandal (Spriggan Arcane Marksman)   Turns: 14377, Time: 00:43:40

Health: 37/37      AC:  2    Str:  7    XL:     8   Next: 46%
Magic:  12/12      EV: 20    Int: 14    God:
Gold:   190        SH:  0    Dex: 17    Spells: 1/11 levels left

rFire    . . .     SeeInvis +   a - +1 hunting sling
rCold    . . .     Faith    .   (shield restricted)
rNeg     . . .     Spirit   .   d - +0 robe
rPois    .         Reflect  .   (helmet restricted)
rElec    .         Harm     .   (no cloak)
rCorr    .         Rampage  .   (gloves unavailable)
Will     +....                  (boots unavailable)
Stlth    +++.......             (no amulet)
HPRegen  0.12/turn              m - ring of wizardry
MPRegen  0.13/turn              (no ring)

@: very quick
A: very small, no large weapons, unfitting armour, see invisible, speed 3
a: no special abilities


You were on level 5 of the Dungeon.
You visited 2 branches of the dungeon, and saw 7 of its levels.
You also visited: Sewer.

You collected 190 gold pieces.

Inventory:

Hand Weapons
 a - a +1 hunting sling (weapon)
 b - a +0 dagger
Missiles
 c - 33 sling bullets
 i - 50 stones (quivered ammo)
Armour
 d - a +0 robe (worn)
 q - a +0 buckler
Jewellery
 m - a ring of wizardry (left hand)
Wands
 x - a wand of digging (3)
Scrolls
 e - 3 scrolls of enchant weapon
 f - 4 scrolls of teleportation
 j - a scroll of brand weapon {unknown}
 k - a scroll of vulnerability {unknown}
 o - a scroll of fog
 p - 2 scrolls of silence
 r - a scroll of noise {unknown}
 v - 2 scrolls of enchant armour {unknown}
 w - a scroll of magic mapping {unknown}
 y - 2 scrolls of amnesia {unknown}
Potions
 g - a potion of heal wounds
 h - 3 potions of might
 l - 2 potions of attraction {unknown}
 n - a potion of brilliance {unknown}
 s - a potion of magic
 t - 2 potions of cancellation
 u - a potion of mutation {unknown}


   Skills:
 - Level 0.7 Fighting
 * Level 7.6 Slings
 + Level 6.2 Dodging
 + Level 5.7 Stealth
 + Level 2.2 Shields
 - Level 2.2 Spellcasting
 + Level 6.3 Hexes
 - Level 3.6 Translocations


You had one spell level left.
You knew the following spells:

 Your Spells              Type           Power      Damage    Failure   Level
a - Corona                Hex            21%        N/A       1%          1
b - Slow                  Hex            19%        N/A       1%          2
c - Portal Projectile     Hex/Tloc       30%        N/A       3%          3
d - Cause Fear            Hex            9%         N/A       7%          4

Your spell library contained the following spells:

 Spells                   Type           Power      Damage    Failure   Level
 Inner Flame              Hex/Fire       10%        N/A       8%          3
 Corpse Rot               Necr/Air       N/A        N/A       14%         2
 Poisonous Vapours        Pois/Air       2%         N/A       14%         2
 Freezing Cloud           Conj/Ice/Air   0%         6-21      92%         5


Dungeon Overview and Level Annotations

Branches:
Dungeon (6/15)             Temple (1/1) D:4           Sewer (visited)

Altars:
Ashenzari
Elyvilon
Gozag
Hepliaklqana
Kikubaaqudgha
Makhleb
Qazlal
Ru
Sif Muna
Trog
Uskayaw
Vehumet
Yredelemnul
Zin
The Shining One

Shops:
D:4 *(

Annotations:
D:2 exclusion: door, Sigmund
D:4 3 runed translucent doors, Boromir's ghost, amateur HOFi; Caterwaul's ghost, amateur DsWr; FrigidRock's ghost, amateur MiBe; zxspectator's ghost, amateur GrFi
D:5 2 transporters, exclusion: downstairs
D:6 Duvessa


Innate Abilities, Weirdness & Mutations

You are very small and have problems with some larger weapons.
You are too small for most types of armour.
You have supernaturally acute eyesight. (SInv)
You cover ground extremely quickly. (Speed+++)


Message History

The ogre seems to slow down.
Casting: Slow (safe; 1% risk of failure)
Confirm with . or Enter, or press ? or * to list all spells.
Aiming: Corona (safe; 1% risk of failure)
Press: ? - help, Shift-Dir - straight line, f/p - ogre
Aim: an ogre, wielding a +0 giant spiked club (slow, chance to affect: 57%)
The ogre is outlined in light.
You shoot a stone. The stone hits the ogre.
The ogre is lightly wounded.
You shoot a stone. The stone completely misses the ogre.
Casting: Corona (safe; 1% risk of failure)
Confirm with . or Enter, or press ? or * to list all spells.
You begin teleporting projectiles to their destination.
You magically shoot a stone.
The stone hits the ogre.
The ogre is lightly wounded.
You magically shoot a stone.
The stone hits the ogre.
The ogre is moderately wounded.
No target in view!
You magically shoot a stone.
The stone hits the ogre but does no damage.
The ogre is moderately wounded.
You magically shoot a stone.
The stone hits the ogre but does no damage.
The ogre is moderately wounded.
You are no longer teleporting projectiles to their destination.
There is an escape hatch in the ceiling, spattered with blood here.
A mysterious force pulls you upwards. The hatch slams shut behind you.
Level annotation: 2 transporters, exclusion: downstairs You start resting.
Magic restored.
You can't go down here!
Saving game... please wait.
Level annotation: 2 transporters, exclusion: downstairs Welcome back, NeededCrab the Spriggan Arcane Marksman.
Press ? for a list of commands and other information.
Saving game... please wait.
Level annotation: 2 transporters, exclusion: downstairs Welcome back, NeededCrab the Spriggan Arcane Marksman.
Press ? for a list of commands and other information.
Are you sure you want to abandon this character and quit the game? (Confirm with "yes".)

#...### ##...##
#.....######.....#
#...#............#
#..#########.....#
...# ##...## ##.#
##.## ##+##
###.##### #...##
#.......# .....##
##.#..@#.# #.....##
#........#
#......####...##...#
#......'...........#
#......####...###..#
##....## #...# #..#
.#...## #...###..#
.#..## #........#
.#.## ###.######


There were no monsters in sight!

Vanquished Creatures
  Edmund (D:5)
  A hornet zombie (D:6)
  A sky beast (D:5)
  A necrophage (D:5)
  An ogre (D:3)
  A phantom (D:4)
  2 scorpions
  A water moccasin zombie (D:5)
  2 howler monkeys (D:4)
  2 bullfrog zombies (D:5)
  A hound (D:5)
  4 centaur zombies (D:5)
  A centaur skeleton (D:4)
  2 iguanas
  Terence (D:2)
  A hound zombie (D:5)
  Robin (D:2)
  10 adders
  3 gnolls
  5 river rats
  An adder skeleton (D:4)
  A worm (D:2)
  3 dart slugs
  4 orcs
  9 ball pythons
  5 bats
  8 endoplasms
  2 giant cockroaches
  15 goblins
  10 hobgoblins
  8 jackals
  4 quokkas
  5 frilled lizards
  19 kobolds
  23 rats
159 creatures vanquished.

Vanquished Creatures (others)
  5 plants (D:4)
  2 withered plants (D:4)
7 creatures vanquished.

Grand Total: 166 creatures vanquished

Notes
Turn   | Place    | Note
-------+----------+-------------------------------------------
     0 | D:1      | NeededCrab the Spriggan Arcane Marksman began the quest for
                  | the Orb.
     0 | D:1      | Reached XP level 1. HP: 9/9 MP: 3/3
   318 | D:1      | Reached XP level 2. HP: 8/14 MP: 3/5
   664 | D:1      | Reached skill level 3 in Slings
   916 | D:1      | Learned a level 2 spell: Slow
  1835 | D:2      | Reached XP level 3. HP: 17/17 MP: 4/7
  1888 | D:2      | Noticed Terence
  1917 | D:2      | Killed Terence
  2039 | D:2      | Noticed Sigmund
  2054 | D:2      | Learned a level 3 spell: Portal Projectile
  2178 | D:2      | Noticed Robin
  2243 | D:2      | Killed Robin
  2244 | D:2      | Reached XP level 4. HP: 21/21 MP: 4/8
  2458 | D:2      | Found a faded altar of an unknown god.
  2562 | D:3      | Found a burning altar of Makhleb.
  2639 | D:3      | Reached skill level 1 in Translocations
  2701 | D:3      | Reached skill level 1 in Stealth
  3056 | D:3      | Reached skill level 4 in Slings
  3347 | D:3      | Found a bloodstained altar of Trog.
  4008 | D:3      | Reached XP level 5. HP: 25/25 MP: 3/9
  4377 | D:4      | Found a staircase to the Ecumenical Temple.
  4383 | Temple   | Entered the Ecumenical Temple
  4647 | D:4      | Noticed a phantom
  5317 | D:4      | Noticed an ogre
  5595 | D:3      | Reached XP level 6. HP: 16/29 MP: 5/10
  6055 | D:4      | Reached skill level 5 in Slings
  6112 | D:4      | Found a runed translucent gate.
  6112 | D:4      | Found a runed translucent gate.
  6113 | D:4      | Found a runed translucent gate.
  6114 | D:4      | Noticed zxspectator's ghost (amateur GrFi)
  6115 | D:4      | Noticed FrigidRock's ghost (amateur MiBe)
  6115 | D:4      | Noticed Caterwaul's ghost (amateur DsWr)
  6115 | D:4      | Noticed Boromir's ghost (amateur HOFi)
  6653 | D:4      | Reached skill level 5 in Hexes
  6944 | D:4      | Reached XP level 7. HP: 25/32 MP: 8/11
  7033 | D:4      | Found Syeg's Antique Weapon Emporium.
  7133 | D:4      | Found Inieghir's General Store.
  7236 | D:5      | Entered Level 5 of the Dungeon
  7586 | D:5      | Found a glowing drain.
  7590 | Sewer    | Entered a sewer
  7704 | Sewer    | Reached skill level 1 in Shields
  8173 | Sewer    | Reached skill level 5 in Dodging
  8917 | Sewer    | Learned a level 4 spell: Cause Fear
  8982 | D:5      | Noticed Edmund
  9313 | D:5      | Killed Edmund
  9314 | D:5      | Reached skill level 6 in Slings
  9824 | D:5      | Found a transporter.
 10269 | D:5      | Found a transporter.
 10927 | D:5      | Reached XP level 8. HP: 20/37 MP: 7/12
 11108 | D:5      | Reached skill level 5 in Stealth
 11143 | D:5      | Found a basalt altar of Yredelemnul.
 11401 | D:5      | Reached skill level 7 in Slings
 11784 | D:5      | Found a stormy altar of Qazlal.
 11949 | D:6      | Noticed Duvessa
 14377 | D:5      | Quit the game

Illustrated notes

Levels and vault maps discovered:
D:1:      lemuel_arrival_room, layout_basic, minivault_27, minmay_pentomino_r4
D:2:      layout_loops_cross, ebering_ecumenical_altar_sacrificial,
          kennysheep_potato, uniq_robin, uniq_terence, uniq_sigmund
D:3:      layout_loops_corners, lemuel_round_altar,
          mainiacjoe_overflow_small_starburst
D:4:      layout_gridville, minmay_temple_entry_gardened_gates, serial_shops,
          shop, gammafunk_ghost_cemetery, nicolae_take_the_stairs
D:5:      gammafunk_wand_slinger, layout_loops_corners,
          mainiacjoe_overflow_surrounded_room, nicolae_yredelemnul_corpse_copse,
          nicolae_ossuary_entry_plus, gup_sewer_entry_bowl, uniq_edmund
D:6:      layout_layer_cave, uniq_duvessa
Temple:   minmay_temple_curvy_loop

Skill      XL: |  1  2  3  4  5  6  7  8 |
---------------+-------------------------+-----
Dodging        | 3 4 5 6 |  6.2
Slings         | 3 4 5 6 7 |  7.6
Spellcasting   | 2 |  2.2
Hexes          | 4 5 6 |  6.3
Translocations | 1 2 3 |  3.6
Stealth        | 1 2 3 4 5 |  5.7
Shields        | 1 2 |  2.2
Fighting       | |  0.7

Action                   |  1- 3 |  4- 6 |  7- 9 || total
-------------------------+-------+-------+-------++-------
Melee: Dagger            |    21 |   199 |   256 ||   476
       Hunting sling     |       |     1 |       ||     1
 Fire: Hunting sling     |   112 |   219 |   468 ||   799
 Cast: Corona            |    37 |    61 |    70 ||   168
       Slow              |       |    29 |    80 ||   109
       Portal Projectile |       |     1 |     2 ||     3
       Cause Fear        |       |       |     5 ||     5
  Use: Scroll            |       |       |     8 ||     8
 Stab: Distracted        |       |     1 |       ||     1
       Sleeping          |       |       |     1 ||     1
Armor: Robe              |    11 |    20 |    29 ||    60
Dodge: Dodged            |    53 |   262 |   282 ||   597
